 Dungeon Crawl Stone Soup version 0.27-a0-148-g9515ab555c (webtiles) character file.

Game seed: 9982036678411564629

282 knot the Chopper (level 6, 43/70 HPs)
             Began as a Demonspawn Berserker on Jan 27, 2021.
             Was a Priest of Trog.
             Quit the game in a sewer.
             The game lasted 00:05:03 (2580 turns).

knot the Chopper (Demonspawn Berserker)             Turns: 2580, Time: 00:05:03

Health: 43/70      AC:  7    Str: 17    XL:     6   Next: 6%
Magic:  6/6        EV: 13    Int: 10    God:    Trog [***...]
Gold:   97         SH:  0    Dex: 13    Spells: 5/5 levels left

rFire    . . .     SeeInvis .   a - +0 hand axe
rCold    . . .     Faith    .   (no shield)
rNeg     . . .     Spirit   .   d - +0 ring mail
rPois    .         Reflect  .   (helmet restricted)
rElec    .         Harm     .   (no cloak)
rCorr    .         Rampage  .   i - +0 pair of gloves
Will     .....                  c - +0 pair of boots
Stlth    ..........             (no amulet)
HPRegen  0.21/turn              (no ring)
MPRegen  0.10/turn              (no ring)

@: berserking (expiring), very quick
A: antennae 1, repulsion field 1, powered by death 1
a: Renounce Religion, Berserk, Trog's Hand


You were in a sewer.
You worshipped Trog.
Trog was most pleased with you.
You visited 1 branch of the dungeon, and saw 3 of its levels.
You also visited: Sewer.

You collected 97 gold pieces.

Inventory:

Hand Weapons
 a - a +0 hand axe (weapon)
Missiles
 b - 78 stones (quivered)
 f - 3 atropa-tipped darts
 n - 19 sling bullets
Armour
 c - a +0 pair of boots (worn)
 d - a +0 ring mail (worn)
 i - a +0 pair of gloves (worn)
Scrolls
 g - 2 scrolls of identify
 h - a scroll of remove curse
 l - a scroll of teleportation {unknown}
Potions
 e - a potion of cancellation {unknown}
 j - a potion of lignification
 k - a potion of brilliance {unknown}
 m - a potion of attraction {unknown}
 o - a potion of heal wounds {unknown}


   Skills:
 - Level 3.0 Fighting
 + Level 6.2 Axes
 - Level 1.7 Armour
 - Level 1.7 Dodging


You had 5 spell levels left.
You didn't know any spells.
Your spell library was empty.

Dungeon Overview and Level Annotations

Branches:
Dungeon (3/15)              Sewer (1/1)

Altars:
Makhleb
Xom


Innate Abilities, Weirdness & Mutations

You have a pair of small antennae on your head.
You are surrounded by a mild repulsion field. (EV +2)
You regenerate a little health from kills.


Message History

Purgy barely misses you. Purgy claws you but does no damage.
Purgy barely misses you.
You closely miss Purgy.
Purgy is almost dead.
You closely miss Purgy.
Purgy is almost dead.
Purgy bites you! Purgy barely misses you. Purgy claws you.
You slash Purgy!
You kill Purgy!
Trog accepts your kill.
The troll leather armour {Purgy} is intact enough to wear.
Your Axes skill increases to level 6!
You have reached level 6!
Your experience leads to an increase in your attributes!
Increase (S)trength, (I)ntelligence, or (D)exterity?
You feel clever.
Your demonic ancestry asserts itself...
You begin to radiate repulsive energy.
Things that are here:
a +0 troll leather armour {Purgy}; the troll corpse of Purgy Are you sure you want to abandon this character and quit the game? (Confirm with "yes".)

#.# #.# ####### #.#
##.....## #.#
##...≈...##
#.#######...≈≈≈††.##
#..........≈≈≈≈≈.∩.#
#.#######...≈≈≈...##
#.# ##.(.≈.††## #.#
##..@..## #T#
####### ... ... ...
..(..


There were no monsters in sight!

Vanquished Creatures
  Purgy (Sewer)
  An orc priest (D:2)
  2 orc wizards (D:1)
  2 adders (D:3)
  An ooze (D:3)
  3 worms
  3 dart slugs
  4 leopard geckos
  3 orcs
  11 bats
  9 giant cockroaches
  2 goblins
  3 hobgoblins
  3 jackals (D:2)
  A quokka (D:2)
  4 frilled lizards
  4 kobolds
  9 rats
66 creatures vanquished.

Notes
Turn   | Place    | Note
-------+----------+-------------------------------------------
     0 | D:1      | knot the Demonspawn Berserker began the quest for the Orb.
     0 | D:1      | Reached XP level 1. HP: 18/18 MP: 1/1
   139 | D:1      | Reached skill level 3 in Axes
   145 | D:1      | Gained mutation: You regenerate a little health from kills.
                  | [demonic ancestry]
   145 | D:1      | Reached XP level 2. HP: 24/24 MP: 2/2
   961 | D:2      | Reached ** piety under Trog
   965 | D:2      | Gained mutation: You have a pair of small antennae on your
                  | head. [demonic ancestry]
   965 | D:2      | Reached XP level 3. HP: 26/29 MP: 3/3
  1023 | D:2      | Reached skill level 4 in Axes
  1443 | D:1      | Reached XP level 4. HP: 35/35 MP: 4/4
  1666 | D:2      | Reached skill level 5 in Axes
  1967 | D:2      | Reached XP level 5. HP: 41/41 MP: 5/5
  2095 | D:2      | Found a burning altar of Makhleb.
  2096 | D:2      | Found a shimmering altar of Xom.
  2156 | D:2      | Found a faded altar of an unknown god.
  2406 | D:3      | Reached *** piety under Trog
  2507 | D:3      | Found a glowing drain.
  2511 | Sewer    | Entered a sewer
  2547 | Sewer    | Noticed Purgy
  2578 | Sewer    | Killed Purgy
  2579 | Sewer    | Reached skill level 6 in Axes
  2579 | Sewer    | Gained mutation: You are surrounded by a mild repulsion
                  | field. (EV +2) [demonic ancestry]
  2579 | Sewer    | Reached XP level 6. HP: 43/47 MP: 6/6
  2580 | Sewer    | Quit the game

Illustrated notes

Levels and vault maps discovered:
D:1:      minmay_arrival_widening_spiral_narrow, layout_rooms,
          minmay_misc_feat_chi
D:2:      layout_rooms, nicolae_overflow_hidden_temple,
          chequers_ecumenical_altar_grove
D:3:      layout_basic, gup_sewer_entry_spiral, minmay_misc_feat_more_columns,
          chequers_decorated_corner, minmay_statues_item, uniq_ijyb
Sewer:    sewer_big_baddie

Skill      XL: |  1  2  3  4  5 |
---------------+----------------+-----
Axes           | 3 4 5 6 |  6.2
Fighting       | |  3.0
Armour         | |  1.7
Dodging        | |  1.7

Action                   |  1- 3 |  4- 6 || total
-------------------------+-------+-------++-------
Melee: Hand axe          |   118 |   109 ||   227
Throw: Stone             |       |     4 ||     4
       Dart              |       |     1 ||     1
Invok: Berserk           |     3 |     5 ||     8
       Trog's Hand       |       |     1 ||     1
  Use: Scroll            |     2 |     1 ||     3
       Potion            |       |     1 ||     1
Armor: Ring mail         |    75 |    41 ||   116
       Skin              |       |     4 ||     4
Dodge: Dodged            |    63 |    77 ||   140

Table legend: (Time is in decaauts)
 A = Elapsed time spent in this place.
 B = Non-inter-level travel time spent in this place.
 C = Inter-level travel time spent in this place.
 D = Time resting spent in this place.
 E = Time spent auto-exploring this place.
 F = Levels seen in this place.
 G = Mean time per level.
                   A        B        C        D        E       F      G
               +--------+--------+--------+--------+--------+-----+--------+
         Total |   2675 |   2570 |    105 |    929 |    968 |   4 |  668.8 |
       Dungeon |   2610 |   2505 |    105 |    929 |    953 |   3 |  870.0 |
         Sewer |     64 |     64 |      0 |      0 |     15 |   1 |   64.0 |
               +--------+--------+--------+--------+--------+-----+--------+

Top non-repeatable levels by time:
     D:1: 1572 daAuts
     D:2: 700 daAuts
     D:3: 337 daAuts
   Sewer: 64 daAuts
